 Dungeon Crawl Stone Soup version 0.20.0 (webtiles) character file.

7497 SpeedrunTech the Cleaver (level 10, -1/94 (95) HPs)
             Began as a Minotaur Berserker on June 11, 2017.
             Was an Elder of Trog.
             Slain by a komodo dragon (16 damage)
             ... on level 9 of the Dungeon.
             The game lasted 00:04:48 (7094 turns).

SpeedrunTech the Cleaver (Minotaur Berserker)       Turns: 7094, Time: 00:04:48

HP:   -1/94 (95)    AC: 13    Str: 24    XL:     10   Next: 95%
MP:   9/9           EV:  8    Int:  4    God:    Trog [****..]
Gold: 452           SH:  0    Dex: 11    Spells: 9/9 levels left

rFire    . . .     SeeInvis .   a - +3 battleaxe (flame)
rCold    . . .     Gourm    .   (shield currently unavailable)
rNeg     . . .     Faith    .   h - +0 plate armour
rPois    +         Spirit   .   (helmet restricted)
rElec    .         Reflect  .   (no cloak)
rCorr    .         Harm     .   (no gloves)
MR       .....                  (no boots)
Stlth    ..........             p - amulet of regeneration
Regen    0.7/turn               o - ring of poison resistance
MPRegen  0.2/turn               (no ring)

@: berserk cooldown, slowed, very slow
A: retaliatory headbutt, horns 2
a: Berserk, Trog's Hand, Brothers in Arms, Burn Spellbooks, Renounce Religion


You were on level 9 of the Dungeon.
You worshipped Trog.
Trog was greatly pleased with you.
You were not hungry.

You visited 2 branches of the dungeon, and saw 10 of its levels.

You collected 452 gold pieces.

Inventory:

Hand Weapons
 a - a +3 battleaxe of flaming (weapon)
 b - a +0 battleaxe
Armour
 h - a +0 plate armour (worn)
Jewellery
 o - a ring of poison resistance (left hand)
 p - an amulet of regeneration (around neck)
 t - a +3 amulet of reflection
Wands
 d - a wand of lightning (8/15)
 v - a wand of disintegration (21/24)
Scrolls
 e - a scroll of teleportation
 g - 4 scrolls of remove curse
Potions
 c - a potion of flight {unknown}
 f - 2 potions of might
 i - 2 potions of curing
 j - a potion of haste {unknown}
 m - a potion of mutation {unknown}
 s - 2 potions of heal wounds
 u - a potion of magic {unknown}
Comestibles
 w - a meat ration
 x - a fruit


   Skills:
 + Level 11.1 Fighting
 * Level 14.9 Axes
 + Level 8.0 Armour
 - Level 2.1 Dodging


You had 9 spell levels left.
You didn't know any spells.

Dungeon Overview and Level Annotations

Branches:
Dungeon (9/15)             Temple (1/1) D:7             Orc (0/2) D:9
   Lair: D:8-11

Altars:
Cheibriados
Dithmenos
Fedhas
Gozag
Kikubaaqudgha
Makhleb
Nemelex Xobeh
Okawaru
Ru
Sif Muna
Trog
Uskayaw
Vehumet
Xom
Yredelemnul
The Shining One

Shops:
D:4 (


Innate Abilities, Weirdness & Mutations

You reflexively headbutt those who attack you in melee.
You have a pair of horns on your head.


Message History

You start resting.
Eating a chunk of flesh.
You eat the chunk of flesh.
This raw flesh tastes terrible.
You feel a strong urge to attack something.
Unknown command.
You are no longer berserk.
Trog's vigour flows through your veins.
You are exhausted.
You feel yourself slow down. The komodo dragon bites you!
* * * LOW HITPOINT WARNING * * *
There is an open door, spattered with blood here.
Things that are here:
a long sword; an elf corpse You are too injured to fight recklessly!
You are too injured to fight recklessly!
Unknown command.
You hit the komodo dragon but do no damage.
You headbutt the komodo dragon!
The komodo dragon is moderately wounded.
The komodo dragon bites you!
You die...

..##..#...# #.........##..##.##..
..##..#...# #.........##.....##..
..##..#.).# #.........##.....##..
..##......###.....#....#.....##..
.................................
########################.#####...
##..###..# #.#.[(#...#.#...#...
..#.#..#.#% #.#.?$#.#.#.#.#.#...
#.##.#.###l5'#.#@).#...#...#.#...
###..##..####..l####...#...#.#...
..###.##..†.).#....#.#.#.#.#.#...
#.##.)#.#####...####.#...#...#...
##..##..## +#.#+ #.#...#...#...
#.#.#.##.# #.# #.#.#.#.#.#...
..##..#..# #.# #...#.#...#...
####.###################.#####...
##..### ##.......###.#.#.#.##...


You could see a komodo dragon.

Vanquished Creatures
  2 two-headed ogres
  An unseen horror (D:7)
  A deep elf mage (D:9)
  An efreet (D:9)
  A troll (D:9)
  Grinder (D:5)
  2 hippogriffs
  A hungry ghost (D:9)
  2 acid dragons (D:9)
  8 orc warriors
  3 sky beasts
  2 necrophages
  A phantom (D:5)
  2 ice beasts (D:8)
  An eye of draining (D:8)
  3 centaurs
  2 ogres (D:9)
  A big kobold (D:9)
  7 bullfrogs
  A gnoll sergeant (D:4)
  A scorpion (D:9)
  4 wights (D:9)
  7 howler monkeys
  7 crimson imps
  A bullfrog zombie (D:8)
  A centaur zombie (D:8)
  A quasit (D:9)
  2 hounds
  3 jellies
  3 orc priests
  8 orc wizards
  Terence (D:2)
  4 iguanas
  4 worker ants
  6 gnolls
  7 adders
  A shadow imp (D:8)
  An adder skeleton (D:9)
  7 dart slugs
  3 leopard geckos
  31 orcs
  3 giant cockroaches
  7 goblins
  3 hobgoblins (D:1)
  10 jackals
  4 quokkas
  2 bats (D:1)
  5 frilled lizards
  9 kobolds
  A leopard gecko skeleton (D:8)
  A quokka skeleton (D:7)
  2 rats
193 creatures vanquished.

Notes
Turn   | Place    | Note
-------+----------+-------------------------------------------
     0 | D:1      | SpeedrunTech the Minotaur Berserker began the quest for the Orb.
     0 | D:1      | Reached XP level 1. HP: 19/19 MP: 0/0
   134 | D:1      | Found an iron altar of Okawaru.
   135 | D:1      | Reached skill level 4 in Axes
   138 | D:1      | Reached XP level 2. HP: 27/27 MP: 1/1
   435 | D:2      | Noticed Terence
   443 | D:2      | Killed Terence
   443 | D:2      | Reached XP level 3. HP: 34/34 MP: 2/2
   558 | D:3      | Reached skill level 5 in Axes
   668 | D:3      | Reached XP level 4. HP: 41/41 MP: 3/3
   671 | D:3      | Reached ** piety under Trog
   999 | D:4      | Reached skill level 5 in Fighting
  1025 | D:4      | Found Opoibli's Antique Weapon Shoppe.
  1028 | D:4      | Noticed a gnoll sergeant
  1077 | D:4      | Killed a gnoll sergeant
  1077 | D:4      | Reached skill level 6 in Axes
  1077 | D:4      | Reached XP level 5. HP: 12/48 MP: 4/4
  1078 | D:4      | HP: 3/72 [gnoll/halberd (10)]
  1717 | D:4      | Reached XP level 6. HP: 57/57 MP: 5/5
  1821 | D:4      | Reached skill level 7 in Axes
  2563 | D:5      | Entered Level 5 of the Dungeon
  2619 | D:5      | Noticed Grinder
  2858 | D:5      | Paralysed by Grinder for 4 turns
  2873 | D:5      | Killed Grinder
  2873 | D:5      | Reached skill level 8 in Axes
  2873 | D:5      | Reached XP level 7. HP: 53/64 MP: 6/6
  3395 | D:6      | Reached skill level 9 in Axes
  4425 | D:7      | Reached XP level 8. HP: 62/73 MP: 7/7
  4436 | D:7      | Reached skill level 10 in Axes
  4459 | D:7      | Found a staircase to the Ecumenical Temple.
  4469 | Temple   | Entered the Ecumenical Temple
  4659 | D:7      | Killed an unseen horror
  4825 | D:7      | Reached skill level 11 in Axes
  5064 | D:8      | Noticed a two-headed ogre
  5074 | D:8      | Killed a two-headed ogre
  5074 | D:8      | Reached skill level 12 in Axes
  5074 | D:8      | Reached XP level 9. HP: 83/83 MP: 8/8
  5259 | D:8      | Reached skill level 5 in Armour
  5275 | D:8      | Reached *** piety under Trog
  5486 | D:8      | Reached skill level 13 in Axes
  5830 | D:8      | Found a bloodstained altar of Trog.
  6038 | D:9      | Reached skill level 10 in Fighting
  6040 | D:9      | Reached XP level 10. HP: 38/93 MP: 9/9
  6449 | D:9      | Found a staircase to the Orcish Mines.
  6671 | D:9      | Reached **** piety under Trog
  6671 | D:9      | Reached skill level 14 in Axes
  6816 | D:9      | Noticed a two-headed ogre
  6818 | D:9      | Killed a two-headed ogre
  7078 | D:9      | Noticed a deep elf mage
  7082 | D:9      | Killed a deep elf mage
  7094 | D:9      | Slain by a komodo dragon

Skill      XL: |  1  2  3  4  5  6  7  8  9 10 |
---------------+-------------------------------+-----
Axes           | 4 5 6 8 9 12 13 14 | 14.9
Fighting       | 4 5 6 7 9 10 11 | 11.1
Armour         | 4 5 8 |  8.0
Dodging        | |  2.1

Action                   |  1- 3 |  4- 6 |  7- 9 | 10-12 || total
-------------------------+-------+-------+-------+-------++-------
Melee: Hand axe          |    53 |   107 |   259 |    27 ||   446
       Headbutt          |     7 |    18 |    62 |    31 ||   118
       Battleaxe         |       |       |       |    95 ||    95
Invok: Berserk           |     2 |     4 |     4 |     3 ||    13
       Trog's Hand       |       |     2 |     2 |     2 ||     6
       Burn Spellbooks   |       |       |     1 |       ||     1
  Use: Potion            |       |     2 |       |     1 ||     3
       Scroll            |       |     3 |     3 |     5 ||    11
  Eat: Chunk             |       |     7 |     9 |     3 ||    19
       Bread ration      |       |     1 |     1 |     2 ||     4
       Royal jelly       |       |       |       |     2 ||     2
Armor: Chain mail        |    24 |    60 |   106 |     7 ||   197
       Animal skin       |     1 |       |       |       ||     1
       Plate armour      |       |       |       |    59 ||    59
Dodge: Dodged            |    27 |    56 |   109 |    51 ||   243
